 Dungeon Crawl Stone Soup version 0.29.1-15-g9cfb28693d (webtiles) character file.

Game seed: 8657187178329923341

107 bigiheh the Conjurer (level 4, 0/33 HPs)
             Began as a Draconian Conjurer on Mar 6, 2023.
             Slain by a gnoll
             ... wielding a +0 flail
              (8 damage)
             ... on level 2 of the Dungeon.
             The game lasted 00:13:34 (2792 turns).

bigiheh the Conjurer (Draconian Conjurer)           Turns: 2792, Time: 00:13:34

Health: 0/33       AC:  5    Str:  9    XL:     4   Next: 56%
Magic:  5/9        EV: 12    Int: 20    God:
Gold:   89         SH:  0    Dex: 10    Spells: 6/9 levels left

rFire   . . .      SeeInvis .   (no weapon)
rCold   . . .      Faith    .   (no shield)
rNeg    . . .      Spirit   .   (body armour unavailable)
rPois   .          Reflect  .   (helmet restricted)
rElec   .          Harm     .   (no cloak)
rCorr   .          Rampage  .   (no gloves)
Will    .....                   (no boots)
Stlth   ++........              (no amulet)
HPRegen 0.11/turn               d - ring of flight
MPRegen 0.11/turn               (no ring)

@: flying
A: AC +5, unfitting armour, cold-blooded
a: no special abilities


You were on level 2 of the Dungeon.
You visited 1 branch of the dungeon, and saw 2 of its levels.

You collected 89 gold pieces.

Inventory:

Jewellery
 d - a ring of flight (left hand)
Potions
 c - a potion of lignification
 e - a potion of attraction {unknown}
 f - 2 potions of brilliance {unknown}
 g - a potion of curing {unknown}


   Skills:
 - Level 1.7 Dodging
 - Level 1.7 Stealth
 + Level 3.4 Spellcasting
 + Level 5.1 Conjurations


You had 6 spell levels left.
You knew the following spells:

 Your Spells              Type           Power      Damage    Failure   Level
a - Magic Dart            Conj           96%        1d7       1%          1
b - Searing Ray           Conj           48%        2d6       2%          2

Your spell library contained the following spells:

 Spells                   Type           Power      Damage    Failure   Level
 Dazzling Flash           Conj/Hex       26%        N/A       14%         3
 Fulminant Prism          Conj/Hex       6%         3d7       43%         4
 Iskenderun's Mystic Bla  Conj/Tloc      13%        2d5       43%         4


Dungeon Overview and Level Annotations

Branches:
Dungeon (2/15)

Altars:


Innate Abilities, Weirdness & Mutations

Your plain brown scales are hard. (AC +5)
You cannot fit into any form of body armour.
You are cold-blooded and may be slowed by cold attacks.


Message History

You hit the gnoll but do no damage.
The gnoll is severely wounded.
The gnoll misses you. The gnoll closely misses you.
There is a stone staircase leading up here.
The gnoll hits you from afar with a +0 spear.
You fly upwards.
There is a stone staircase leading down here.
You start resting.
Magic restored.
You start resting.
HP restored.
There is a stone staircase leading down here.
You fly downwards.
The gnoll barely misses you.
The gnoll hits you from afar with a +0 spear!
The gnoll hits you with a +0 flail.
There is a stone staircase leading up, spattered with blood here.
The gnoll attacks as you move away! The gnoll hits you with a +0 flail.
The gnoll hits you from afar with a +0 spear.
* * * LOW HITPOINT WARNING * * *
Things that are here:
a scroll of blinking; a +3 whip of flaming
Casting: Searing Ray (safe; 2% risk of failure)
Confirm with . or Enter, or press ? or * to list all spells.
Aiming: Searing Ray (safe; 2% risk of failure)
Press: ? - help, Shift-Dir - straight line, f - gnoll
Aim: a gnoll, wielding a +0 flail (82% to hit)
The searing ray hits the gnoll.
The gnoll is moderately wounded. (Press . to maintain the ray.)
The gnoll hits you from afar with a +0 spear.
* * * LOW HITPOINT WARNING * * *
The gnoll closely misses you.
The searing ray hits the gnoll.
The gnoll is heavily wounded.
The gnoll closely misses you. The gnoll barely misses you.
The searing ray hits the gnoll.
The gnoll is severely wounded.
The gnoll barely misses you. The gnoll hits you with a +0 flail!
You die...

########..###
#.........#..
#.....).....[
#.........##. # ########
#..........#. .........#
#..........##
#..##..#.###............
#>......................
#......@.g##...........#
#......g####...........#
###....## ##.g..#######
#.... #....####### ###..
#........... (..
#........... ....
#........... .....
#.......[... ......
..............


You could see 2 gnolls.

Vanquished Creatures
  2 gnolls (D:2)
  3 adders (D:2)
  A worm (D:2)
  A dart slug (D:1)
  2 bats (D:2)
  4 endoplasms
  6 giant cockroaches
  3 goblins (D:2)
  2 hobgoblins
  9 jackals (D:1)
  2 kobolds
  7 ball pythons
  A frilled lizard (D:2)
  8 rats (D:1)
51 creatures vanquished.

Notes
Turn   | Place    | Note
-------+----------+-------------------------------------------
     0 | D:1      | bigiheh the Draconian Conjurer began the quest for the Orb.
     0 | D:1      | Reached XP level 1. HP: 14/14 MP: 3/3
     1 | D:1      | Found a runed translucent door.
   777 | D:1      | Reached XP level 2. HP: 17/20 MP: 3/5
  1233 | D:1      | Found a faded altar of an unknown god.
  1544 | D:2      | Reached XP level 3. HP: 26/26 MP: 0/7
  2114 | D:2      | Reached XP level 4. HP: 33/33 MP: 3/8
  2250 | D:1      | Reached skill level 5 in Conjurations
  2578 | D:1      | Learned a level 2 spell: Searing Ray
  2792 | D:2      | Slain by a gnoll

Illustrated notes

Levels and vault maps discovered:
D:1:      dpeg_arrival_caged_fury, layout_basic,
          dreamdust_ecumenical_altar_hidden_monk_grotto
D:2:      layout_basic, minmay_pentomino_z4

Skill      XL: |  1  2  3  4 |
---------------+-------------+-----
Spellcasting   | 3 |  3.4
Conjurations   | 5 |  5.1
Dodging        | |  1.7
Stealth        | |  1.7

Action                   |  1- 3 |  4- 6 || total
-------------------------+-------+-------++-------
Melee: Unarmed           |    19 |    27 ||    46
       Tailslap          |     4 |     2 ||     6
       Punch             |     1 |       ||     1
 Cast: Magic Dart        |    70 |    31 ||   101
       Searing Ray       |       |     4 ||     4
  Use: Potion            |     1 |     2 ||     3
       Scroll            |       |     1 ||     1
Armor: Skin              |    13 |    42 ||    55
Dodge: Dodged            |    25 |    34 ||    59
